 Dungeon Crawl Stone Soup version 0.31-a0-455-g1a7b003ef0 (webtiles) character file.

Game seed: 13754595451986616455

39 ytrimaz the Changeling (level 3, -1/26 HPs)
             Began as a Demonspawn Shapeshifter on Aug 4, 2023.
             Slain by an adder (3 damage)
             ... on level 3 of the Dungeon.
             The game lasted 00:02:39 (1484 turns).

ytrimaz the Changeling (Demonspawn Shapeshifter)    Turns: 1484, Time: 00:02:39

Health: -1/26      AC:  2    Str: 15    XL:     3   Next: 28%
Magic:  3/3        EV: 12    Int: 11    God:
Gold:   91         SH:  0    Dex: 13    Spells: 2/2 levels left

rFire   . .          .
                       - Unarmed
rCold   . . .        (no shield)
rNeg    . . .        a - +0 animal skin
rPois   .            (helmet currently unavailable)
rElec   .            (cloak currently unavailable)
rCorr   +            (gloves currently unavailable)
SInv    .            (boots currently unavailable)
Will    .....        (no amulet)
Stlth   +            h - ring of resist corrosion
HPRegen 0.24/turn    (no ring)
MPRegen 0.08/turn

%: no passive effects
@: lethally poisoned (-1 -> -6), beast-form, attractive
A: beast (slay +2), powered by death 1
a: Begin Untransformation


You were on level 3 of the Dungeon.
You were a hulking beast.
You visited 1 branch of the dungeon, and saw 3 of its levels.

You collected 91 gold pieces.


Innate Abilities, Weirdness & Mutations

You are a hulking beast.
Your limbs bulge with bestial killing power. (Slay +2)
You regenerate a little health from kills.


   Skills:
 - Level 1.0 Fighting
 - Level 1.7 Dodging
 + Level 3.2 Unarmed Combat
 * Level 3.3 Shapeshifting


You had 2 spell levels left.
You didn't know any spells.
Your spell library was empty.

Inventory:

Armour
 a - a +0 animal skin (worn)
 p - a +0 pair of gloves
   (You found it on level 2 of the Dungeon)
Jewellery
 h - a ring of resist corrosion (left hand)
   (You found it on level 1 of the Dungeon)
Talismans
 c - a beast talisman (active)
 o - a maw talisman
   (You found it on level 2 of the Dungeon)
Scrolls
 d - a scroll of silence {unknown}
 e - 3 scrolls of identify {unknown}
 f - a scroll of immolation {unknown}
 g - a scroll of brand weapon {unknown}
 l - a scroll of enchant weapon {unknown}
Potions
 b - a potion of lignification
 k - a potion of heal wounds {unknown}
 m - a potion of curing {unknown}
 n - a potion of enlightenment {unknown}

Dungeon Overview and Level Annotations

Branches:
Dungeon (3/15) Zot: 16521

Altars:
###################### ......Sh...........<.# ######################

You could see an adder.


Message History

You kill the quokka!
No target in view!
No target in view!
No target in view!
No target in view!
No target in view!
No target in view!
No target in view!
No target in view!
A worm comes into view. 😎 HP[+5]
Your hp is fully restored (26).
A worm is nearby!
A worm is nearby!
A worm is nearby!
You hit the worm. The worm closely misses you.
You hit the worm. You punch the worm!
You kill the worm!
No target in view!
No target in view!
No target in view!
No target in view!
You see here a worm corpse.
Unknown command.
No target in view!
Key pressed, stopping explore.
Key pressed, stopping explore.
Done exploring.
Unknown command.
You see here a maw talisman.
o - a maw talisman Done exploring.
Done exploring.
Done exploring.
There is an escape hatch in the floor here.
You see here a +0 pair of gloves.
p - a +0 pair of gloves Search for what [? for help]? armor
There is a stone staircase leading up here.
There is a stone staircase leading down here.
You climb downwards.
There is a stone staircase leading up here.
An adder comes into view.
An adder is nearby!
An adder is nearby!
The adder hisses angrily.
The adder bites you. 😕 HP[-3]
You take 3 damage, and now have 23/26 hp.
You barely miss the adder. The adder bites you. x2
You are poisoned.
The adder poisons you! 😕 HP[-2]
You take 2 damage, and now have 21/26 hp.
You closely miss the adder.
You feel sick. The adder misses you. 😮 HP[-2]
You take 2 damage, and now have 19/26 hp.
You hit the adder.
You feel sick. The adder bites you. 😮 HP[-3]
You take 3 damage, and now have 16/26 hp.
Unknown command.
You closely miss the adder.
You feel sick. The adder bites you.
* * * LOW HITPOINT WARNING * * *
You are more poisoned.
The adder poisons you! 😨 HP[-3]
You take 3 damage, and now have 13/26 hp.
You hit the adder but do no damage.
You feel sick. The adder closely misses you. The adder bites you.
* * * LOW HITPOINT WARNING * * *
You are more poisoned.
The adder poisons you! 😨 HP[-5]
You take 5 damage, and now have 8/26 hp.
Really quaff the potion of lignification?
Your transformation has ended.
You turn into a tree.
Your +0 animal skin melds into your body.
Your roots penetrate the ground.
* * * LOW HITPOINT WARNING * * *
You feel very sick. The adder bites you.
* * * LOW HITPOINT WARNING * * *
You now have 39 max hp (+13).
It was a potion of cancellation.
Your magical effects are unravelling.
You feel magically purged.
You feel less wooden.
Your +0 animal skin unmelds from your body.
You turn into a hulking beast.
* * * LOW HITPOINT WARNING * * *
You feel sick. The adder misses you. 😱 HP[-5]
You now have 26 max hp (-13).
It was a potion of attraction.
You feel attractive to monsters.
* * * LOW HITPOINT WARNING * * *
You feel sick. The adder bites you.
You die...

Skill      XL: |  1  2 |
---------------+-------+-----
Shapeshifting  | 3 |  3.3
Unarmed Combat | 3 |  3.2
Fighting       | |  1.0
Dodging        | |  1.7

Action                     || total
---------------------------++-------
  Melee: Unarmed           ||   100
         Punch             ||     2
    Use: Potion            ||     3
   Stab: Sleeping          ||     1
 Armour: Animal skin       ||    20
  Dodge: Dodged            ||    97

Levels and vault maps discovered:
D:1:      lightli_arrival_noodles, layout_basic
D:2:      layout_loops_cross, minmay_door_square
D:3:      layout_basic, minmay_overflow_temple_star_quad, uniq_natasha

Notes
Turn   | Place    | Note
-------+----------+-------------------------------------------
     0 | D:1      | ytrimaz the Demonspawn Shapeshifter began the quest for the
                  | Orb.
     0 | D:1      | Reached XP level 1. HP: 15/15 MP: 1/1
     0 | D:1      | magus.rc [v1.9.6]
   137 | D:1      | Reached skill level 3 in Shapeshifting
   137 | D:1      | Gained mutation: You regenerate a little health from kills.
                  | [demonic ancestry]
   137 | D:1      | Reached XP level 2. HP: 19/21 MP: 2/2
   405 | D:1      | Reached skill level 3 in Unarmed Combat
   868 | D:2      | Reached XP level 3. HP: 12/26 MP: 3/3
  1482 | D:3      | HP: 9/39 [poisoned by an adder]
  1483 | D:3      | HP: 3/26 [poisoned by an adder]
  1484 | D:3      | Slain by an adder

Vanquished Creatures
  A worm (D:2)
  3 ball pythons
  8 bats
  4 endoplasms
  4 goblins (D:1)
  4 hobgoblins
  A kobold (D:2)
  2 quokkas (D:2)
  A frilled lizard (D:1)
  4 rats (D:1)
32 creatures vanquished.

Table legend:
 A = Non-vault XP
 B = Vault XP
 C = Vault XP percentage of total XP
 D = Non-vault monster count
 E = Vault monster count
 F = Vault count percentage of total count
                 A         B        C        D         E       F
            +---------+---------+-------+---------+---------+-------
      Total |      57 |       0 |   0.0 |      32 |       0 |   0.0
            +---------+---------+-------+---------+---------+-------
        D:1 |      30 |       0 |   0.0 |      20 |       0 |   0.0
        D:2 |      27 |       0 |   0.0 |      12 |       0 |   0.0
            +---------+---------+-------+---------+---------+-------

Skill      XL: |  1  2 |
---------------+-------+-----
Shapeshifting  | 3 |  3.3
Unarmed Combat | 3 |  3.2
Fighting       | |  1.0
Dodging        | |  1.7

Action                     || total
---------------------------++-------
  Melee: Unarmed           ||   100
         Punch             ||     2
    Use: Potion            ||     3
   Stab: Sleeping          ||     1
 Armour: Animal skin       ||    20
  Dodge: Dodged            ||    97

Illustrated notes

Table legend:
 A = Kills in this place as a percentage of kills in the entire game.
 B = Kills by you in this place as a percentage of kills by you in the entire game.
 C = Kills by friends in this place as a percentage of kills by friends in the entire game.
 D = Other kills in this place as a percentage of other kills in the entire game.
 E = Experience gained in this place as a percentage of experience gained in the entire game.
 F = Experience gained in this place divided by the number of levels of this place that you have seen.
                   A       B       C       D       E      F
               +-------+-------+-------+-------+-------+----------------------
         Total | 100.0 | 100.0 |   N/A |   N/A | 100.0 |  19.0
       Dungeon | 100.0 | 100.0 |   N/A |   N/A | 100.0 |  19.0
               +-------+-------+-------+-------+-------+----------------------

Table legend: (Time is in decaauts)
 A = Elapsed time spent in this place.
 B = Non-inter-level travel time spent in this place.
 C = Inter-level travel time spent in this place.
 D = Time resting spent in this place.
 E = Time spent auto-exploring this place.
 F = Levels seen in this place.
 G = Mean time per level.
                   A        B        C        D        E       F      G
               +--------+--------+--------+--------+--------+-----+--------+
         Total |   1477 |   1449 |     28 |      0 |   1128 |   3 |  492.3 |
       Dungeon |   1477 |   1449 |     28 |      0 |   1128 |   3 |  492.3 |
               +--------+--------+--------+--------+--------+-----+--------+

Top non-repeatable levels by time:
     D:2: 743 daAuts
     D:1: 715 daAuts
     D:3: 19 daAuts
